cohdb
Replays
Latest Replays
All Replays
Popular Replays
Top Player Replays
Match Explorer
How It Works
Community
CoH3 Stats
Reddit
Sign in to upload your games and track your stats! →
Sign in with Steam
Match 44487462
Unlisted
Match 44487462
Overview
Messages
Build Orders
End
Construct Section Command Post
Vickers Machine Gun Team
Selects Canadian Shock Battlegroup
Dingo Light Scout Car
ML 3-inch Mortar Team
Infantry Section
Construct Platoon Command Post
Humber Armored Car
CMP 15cwt Truck
Selects Offensive Resupply
Selects Canadian Shock Section
Humber Armored Car
Light Vehicle Training
Infantry Section
Unlock Bishop Self-propelled Artillery
Selects Incendiary Munitions
Grenade Package
Selects Pyrotechnics
Canadian Shock Section
Construct Company Command Post
Matilda II Heavy Tank
Selects Demolition Engineering
Demolition Engineering
きめぇ丸
粉色上瘾
许聪聪
jaws2005
Gwangju's Hero Chun Doo-gwang
507ST_Joint_Panzer_Division
King Patrick
feel like jazz
0
0
Comments
sign in to comment!
No comments posted yet!